AoeStats
← Lunch Cyborg

Black Forest

508135675Analyzed
4v4 RM · 10d ago on Sep 21, 2026· 16m 51s· 8 players
Game mode
Random Map
Map size
Large (8 player)
Population
200
Speed
Normal
Resources
Standard
Victory
Conquest
Starting age
Dark Age
Ending age
Imperial Age
RankedLock teamsTeams togetherTeam positionsShared explorationLock speedFull tech treeHidden civsTurbo modeCheats
Victory
Defeat
🇺🇸 Hindustanis · United States
809
+9
🇺🇸 Romans · United States
797
+9
🇺🇸 Inca · United States
751
+11
🇺🇸 Persians · United States
737
+12
🇨🇱 Jurchens · Chile
707
-12
🇨🇷 Ethiopians · Costa Rica
695
-12
🇺🇸 Spanish · United States
606
-9
🇺🇸 Wei · United States
571
-8
ALWJT
12:48 Feudal Age
17:53 Castle Age
Wobbuffet3383
0:33 Loom
Art
3:22 Loom
Mapuche Mayer
theBEAR1836
0:29 Loom
12:30 Feudal Age
13:41 Man-at-Arms
15:41 Arson
Lunch Cyborg
0:28 Loom
NutmegCypress
0:28 Loom
15:34 Feudal Age
17:01 Double-Bit Axe
Spartan 585
0:27 Loom
12:37 Feudal Age
14:18 Wheelbarrow
13:26 Horse Collar
13:35 Double-Bit Axe
14:52 Man-at-Arms
Connection lost

Rejoining the realm…

Still unreachable

The connection could not be restored.

Session expired

The server has moved on; the page needs a fresh start.